Map: Pillars of Gold LE

Players

Asuna

  • Race: Protoss Protoss
  • Spawn Location: 7:00

Silky - Winner!

  • Race: Zerg Zerg
  • Spawn Location: 1:00

Event: DreamHack SC2 Masters 2020 Fall

VOD

Have the link to the VOD?

Description

Time

  • Played on: Sept. 10, 2020, 5:01 p.m.
  • Length: 18:32

All games in this series

Show
View Real Time Build Order
Export as new Build Order

Asuna Protoss 

Build Orders: 1 Gate Expand, Oracle Opening, Carriers 

Get SALT Encoding   

  12  0:00  Probe  
  13  0:12  Probe  
  14  0:20  Pylon  
  14  0:24  Probe  
  15  0:38  Probe (Chrono Boost)  
  15  0:42  Gateway  
  16  0:47  Assimilator, Probe (Chrono Boost)  
  17  0:52  Probe (Chrono Boost)  
  19  1:04  Probe  
  19  1:16  Probe  
  20  1:27  Nexus  
  20  1:37  Cybernetics Core  
  20  1:44  Zealot  
  22  1:50  Pylon  
  22  1:57  Probe  
  23  2:04  Assimilator  
  23  2:10  Probe  
  23  2:11  Adept (Chrono Boost)  
  26  2:22  Probe  
  27  2:25  Stargate  
  27  2:34  Probe  
  28  2:40  Adept  
  30  2:45  Probe  
  31  2:51  Probe  
  31  2:56  Warp Gate  
  31  2:57  Probe  
  33  3:04  Probe  
  34  3:09  Probe  
  34  3:12  Oracle (Chrono Boost)  
  35  3:16  Probe  
  39  3:21  Probe  
  40  3:27  Pylon  
  40  3:28  Probe  
  40  3:32  Adept  
  40  3:33  Probe (Chrono Boost)  
  44  3:40  Probe (Chrono Boost)  
  45  3:41  Void Ray  
  45  3:45  Probe (Chrono Boost)  
  50  3:49  Pylon  
  50  3:50  Probe (Chrono Boost)  
  50  3:53  Probe (Chrono Boost)  
  52  3:58  Probe  
  53  4:03  Probe  
  53  4:06  Assimilator  
  53  4:07  Assimilator  
  53  4:09  Gateway  
  54  4:10  Probe  
  54  4:15  Probe  
  56  4:18  Void Ray (Chrono Boost)  
  56  4:22  Probe  
  57  4:27  Probe  
  62  4:32  Pylon  
  62  4:47  Nexus  
  62  4:49  Void Ray (Chrono Boost)  
  62  4:50  Probe x2  
  62  4:51  Pylon  
  68  5:01  Stargate  
  68  5:07  Probe x2  
  70  5:10  Shield Battery  
  70  5:17  Pylon  
  70  5:19  Shield Battery, Void Ray (Chrono Boost), Probe  
  71  5:21  Probe  
  76  5:30  Sentry  
  76  5:35  Probe  
  79  5:39  Sentry  
  79  5:42  Probe  
  82  5:47  Probe  
  83  5:50  Pylon  
  83  5:53  Void Ray  
  83  5:54  Zealot  
  83  5:55  Probe  
  86  5:58  Twilight Council  
  86  5:59  Probe  
  86  6:01  Forge, Probe  
  92  6:05  Assimilator  
  92  6:08  Assimilator  
  92  6:13  Probe x3  
  95  6:25  Probe x2  
  97  6:26  Robotics Facility  
  97  6:28  Pylon  
  97  6:33  Probe  
  97  6:37  Probe  
  97  6:38  Void Ray x2  
  99  6:45  Protoss Ground Weapons Level 1 (Chrono Boost)  
  99  6:46  Protoss Air Weapons Level 1  
  107  6:47  Probe x2  
  107  6:49  Probe, Charge (Chrono Boost)  
  110  6:58  Gateway  
  110  6:59  Probe  
  111  7:04  Gateway  
  111  7:05  Gateway  
  111  7:11  Pylon  
  111  7:14  Observer  
  112  7:16  Templar Archives  
  112  7:23  Pylon  
  112  7:26  Pylon  
  112  7:29  Shield Battery  
  112  7:31  Shield Battery, Gateway  
  112  7:33  Gateway  
  112  7:34  Gateway  
  112  7:35  Gateway  
  112  7:41  Psionic Storm  
  112  7:44  Gateway x2  
  112  7:48  Observer  
  113  7:51  Fleet Beacon  
  113  8:05  Photon Cannon  
  113  8:08  Photon Cannon  
  113  8:11  Shield Battery  
  113  8:17  Pylon  
  113  8:18  High Templar x4  
  113  8:19  Pylon  
  121  8:27  High Templar  
  123  8:46  Photon Cannon  
  123  8:47  Carrier (Chrono Boost), Photon Cannon  
  123  8:49  Photon Cannon  
  123  8:51  Shield Battery  
  123  8:55  Nexus  
  129  8:57  Pylon, Carrier (Chrono Boost)  
  135  9:07  Shield Battery, Probe x3  
  138  9:10  High Templar  
  138  9:14  Photon Cannon  
  140  9:18  Unknown  
  140  9:19  Probe x2  
  140  9:20  Probe  
  140  9:21  Photon Cannon  
  140  9:22  Photon Cannon  
  143  9:24  Shield Battery  
  143  9:26  Protoss Ground Weapons Level 2 (Chrono Boost)  
  143  9:30  Immortal (Chrono Boost)  
  147  9:42  Probe x3  
  147  9:45  Photon Cannon  
  150  9:50  Carrier (Chrono Boost)  
  150  9:54  Probe  
  157  10:03  Carrier (Chrono Boost)  
  157  10:06  Probe x2  
  165  10:07  Assimilator  
  165  10:13  Stargate, Assimilator  
  165  10:25  Probe x3  
  165  10:26  Protoss Air Weapons Level 2 (Chrono Boost)  
  167  10:38  High Templar x2  
  167  10:40  Nexus  
  171  10:42  Archon  
  171  10:43  Pylon  
  171  10:45  Pylon  
  171  10:50  Gateway  
  171  10:52  Gateway  
  171  10:53  Gateway  
  171  10:55  Zealot x4  
  171  11:02  Void Ray x2 (Chrono Boost)  
  156  11:35  Zealot x2  
  156  11:36  Zealot x3, Carrier (Chrono Boost)  
  156  11:37  Zealot  
  156  11:39  Dark Shrine, Carrier (Chrono Boost)  
  174  11:40  Nexus  
  174  11:44  Zealot x4  
  175  11:53  Carrier (Chrono Boost)  
  164  11:56  Probe x2  
  164  11:57  Probe x2  
  164  12:00  Zealot  
  164  12:03  Zealot  
  147  12:18  Zealot x2, Probe x2  
  147  12:20  Probe x2  
  155  12:25  High Templar x2  
  155  12:28  Observer (Chrono Boost)  
  158  12:30  Carrier (Chrono Boost), Probe  
  158  12:32  Probe x2  
  167  12:37  Oracle (Chrono Boost)  
  167  12:39  Photon Cannon, Probe  
  169  12:49  Nexus  
  165  12:52  Pylon  
  165  12:55  Zealot x4  
  173  13:05  Zealot x6  
  178  13:11  Void Ray x2 (Chrono Boost)  
  134  13:24  Oracle (Chrono Boost)  
  138  13:31  Probe x3  
  141  13:39  High Templar x7, Protoss Air Weapons Level 3 (Chrono Boost)  
  149  13:43  Archon x3  
  149  13:47  Observer  
  148  13:57  Void Ray x3  
  148  14:00  Probe x3  
  159  14:19  Assimilator  
  159  14:34  Void Ray (Chrono Boost)  
  131  14:46  Carrier x2 (Chrono Boost)  
  120  15:05  Observer  
  109  15:08  Void Ray (Chrono Boost)  
  113  15:26  Stargate, Observer  
  114  15:31  High Templar x2  
  118  15:35  Nexus  
  118  15:36  Archon  
  118  15:37  Void Ray x2 (Chrono Boost)  
  118  15:38  Pylon  
  118  15:39  Pylon  
  118  15:45  Zealot x8  
  118  15:46  Zealot x2  
  122  16:08  Carrier (Chrono Boost)  
  130  16:16  Nexus  
  130  16:19  Photon Cannon  
  130  16:21  Oracle (Chrono Boost)  
  130  16:22  Carrier (Chrono Boost)  
  133  16:27  Void Ray (Chrono Boost)  
  133  16:30  Photon Cannon  
  133  16:32  Shield Battery  
  137  16:44  Photon Cannon  
  135  16:58  Photon Cannon  
  135  17:00  Shield Battery  
  133  17:01  Shield Battery  
  133  17:05  Assimilator, High Templar x4  
  133  17:07  Assimilator  
  141  17:11  Zealot  
  141  17:14  Shield Battery  
  102  17:35  Zealot x8  
  111  17:51  High Templar x4  
  117  17:53  Warp Prism (Chrono Boost)  
  117  17:55  Archon x2  
  119  18:03  High Templar x3  
  119  18:04  Zealot, High Templar  
  125  18:09  Archon x2  
Show
View Real Time Build Order
Export as new Build Order

Silky Zerg - Winner!

Build Orders: Pool First, Lurkers 

Get SALT Encoding   

  12  0:00  Drone  
  13  0:13  Overlord  
  13  0:17  Drone  
  14  0:31  Drone x2  
  16  0:41  Spawning Pool  
  15  0:45  Drone  
  15  0:49  Drone  
  17  1:10  Hatchery  
  16  1:13  Drone  
  17  1:27  Extractor  
  17  1:28  Zergling x4  
  17  1:30  Queen  
  20  1:35  Drone  
  21  1:41  Overlord  
  21  1:51  Drone  
  22  2:01  Drone  
  22  2:06  Queen  
  25  2:11  Drone  
  26  2:22  Drone x2  
  28  2:32  Metabolic Boost  
  28  2:39  Drone x4  
  28  2:41  Drone  
  31  2:52  Hatchery  
  31  2:57  Overlord  
  30  3:02  Drone x2  
  32  3:08  Queen  
  32  3:11  Drone  
  35  3:18  Drone x2  
  35  3:19  Zergling x4  
  39  3:22  Zergling x2  
  39  3:23  Zergling x2  
  39  3:26  Drone  
  42  3:30  Overlord  
  42  3:33  Drone  
  43  3:37  Drone  
  44  3:42  Spore Crawler  
  44  3:43  Drone  
  44  3:47  Overlord  
  44  3:51  Drone x3  
  47  4:00  Drone x2  
  48  4:04  Drone  
  48  4:06  Queen  
  48  4:07  Spore Crawler  
  48  4:08  Drone  
  48  4:09  Drone  
  51  4:12  Pneumatized Carapace  
  51  4:15  Overlord x2  
  51  4:19  Spore Crawler  
  51  4:22  Drone  
  51  4:23  Drone  
  52  4:24  Drone  
  52  4:29  Drone x2  
  52  4:30  Drone  
  56  4:34  Drone x3  
  56  4:36  Drone  
  60  4:40  Overlord  
  59  4:47  Roach Warren, Overlord  
  59  4:48  Drone  
  59  4:49  Drone  
  59  4:52  Zergling x4  
  62  4:57  Drone x2  
  62  4:58  Zergling x4  
  66  5:01  Extractor x2  
  66  5:02  Lair  
  66  5:05  Overlord  
  64  5:09  Drone x3  
  64  5:12  Overlord  
  67  5:18  Queen  
  67  5:20  Drone x5  
  74  5:29  Drone x2  
  74  5:30  Drone x4  
  74  5:32  Queen  
  74  5:34  Overlord  
  82  5:37  Drone  
  82  5:41  Drone x2, Overlord  
  85  5:44  Spore Crawler  
  85  5:45  Drone x2  
  86  5:50  Evolution Chamber, Extractor  
  86  5:52  Extractor, Overlord  
  86  5:54  Drone x3  
  86  5:58  Drone x2  
  86  5:59  Extractor  
  86  6:00  Overseer  
  86  6:01  Roach x2  
  86  6:02  Glial Reconstitution  
  91  6:05  Spore Crawler  
  91  6:06  Roach  
  91  6:10  Roach x2  
  96  6:17  Hydralisk Den, Zerg Missile Weapons Level 1  
  97  6:23  Queen  
  95  6:26  Overlord  
  95  6:29  Overlord  
  95  6:33  Drone x2, Hatchery  
  95  6:34  Overlord  
  96  6:47  Muscular Augments  
  96  6:48  Hydralisk x6  
  96  6:53  Spore Crawler  
  107  6:55  Overlord  
  107  6:56  Hydralisk  
  107  6:57  Hydralisk x2  
  107  7:01  Overlord  
  113  7:04  Drone x4  
  117  7:11  Queen, Infestation Pit  
  117  7:13  Spore Crawler  
  117  7:15  Hydralisk, Spore Crawler  
  118  7:23  Hydralisk x4  
  125  7:30  Overlord x2  
  125  7:31  Drone x2  
  125  7:35  Drone x3  
  130  7:46  Drone x8  
  130  7:48  Hydralisk  
  130  7:49  Spore Crawler  
  139  7:56  Hydralisk x3  
  145  8:01  Hive, Lurker Den  
  145  8:04  Drone x2  
  146  8:06  Drone x2  
  146  8:07  Extractor x2  
  146  8:12  Hydralisk x2  
  146  8:13  Zerg Missile Weapons Level 2  
  146  8:18  Evolution Chamber, Spore Crawler  
  148  8:20  Hydralisk x2  
  148  8:22  Grooved Spines  
  152  8:28  Hydralisk x3  
  152  8:30  Overlord  
  158  8:40  Overseer  
  157  8:41  Overseer  
  157  8:42  Hatchery  
  157  8:44  Drone x3  
  159  8:48  Hydralisk x3  
  159  8:49  Hydralisk  
  159  8:52  Overlord x2  
  167  9:04  Overlord  
  167  9:12  Viper x4  
  179  9:17  Overlord  
  179  9:18  Overlord  
  179  9:20  Hydralisk  
  179  9:21  Hydralisk  
  179  9:22  Overlord x2  
  183  9:25  Drone  
  183  9:26  Drone, Evolution Chamber  
  183  9:27  Evolution Chamber, Zerg Ground Armor Level 1  
  183  9:36  Overseer  
  183  9:38  Drone, Spire  
  184  9:48  Spore Crawler, Hatchery  
  184  9:49  Drone x5  
  184  9:50  Spire  
  186  10:03  Spore Crawler  
  186  10:04  Drone x6  
  186  10:07  Spore Crawler x2  
  190  10:14  Lurker x6  
  195  10:22  Hydralisk x2  
  195  10:27  Spore Crawler  
  195  10:28  Spore Crawler  
  197  10:29  Extractor, Spore Crawler  
  197  10:31  Zerg Missile Weapons Level 3  
  194  10:55  Zerg Flyer Weapons Level 1  
  194  10:57  Hydralisk x3  
  200  11:12  Extractor  
  196  11:22  Hydralisk x2  
  196  11:23  Hydralisk x7  
  199  11:35  Overlord x2  
  199  11:43  Hatchery  
  175  11:57  Roach x9  
  175  11:58  Roach x4, Zergling x6, Hatchery  
  197  12:06  Hydralisk  
  197  12:07  Hydralisk x2  
  191  12:14  Hydralisk x5  
  173  12:28  Lurker x7  
  178  12:31  Hydralisk  
  178  12:32  Hydralisk x8  
  196  12:38  Zerg Ground Armor Level 2  
  196  12:46  Spine Crawler  
  196  12:47  Spine Crawler  
  196  12:49  Zerg Flyer Armor Level 1, Hydralisk x3, Spine Crawler  
  199  12:51  Spine Crawler  
  199  12:52  Overlord  
  199  12:54  Zerg Flyer Weapons Level 2  
  187  13:07  Seismic Spines  
  175  13:14  Corruptor x6  
  163  13:21  Corruptor x2  
  163  13:23  Drone x2  
  163  13:24  Drone x4  
  173  13:36  Hydralisk x2  
  173  13:39  Corruptor x5  
  183  13:43  Drone x2  
  183  13:44  Drone  
  183  13:45  Drone x2  
  188  13:49  Lurker x2  
  188  13:55  Corruptor x2  
  192  14:00  Extractor  
  189  14:04  Extractor, Adaptive Talons  
  189  14:07  Lurker x5  
  189  14:09  Hydralisk x2  
  189  14:19  Corruptor  
  189  14:20  Corruptor x2  
  158  14:42  Hydralisk  
  158  14:43  Hydralisk x11  
  150  14:54  Hydralisk x6  
  158  15:04  Hydralisk x6  
  162  15:08  Queen  
  162  15:09  Queen x2  
  162  15:11  Drone x3  
  162  15:12  Hydralisk x3  
  177  15:18  Hydralisk x3  
  183  15:23  Drone x2  
  183  15:24  Hydralisk x2  
  189  15:29  Drone x2  
  189  15:31  Hydralisk x2  
  192  15:46  Hydralisk x4  
  184  15:59  Hydralisk x10  
  180  16:05  Viper x3  
  180  16:09  Hydralisk x3  
  190  16:19  Lurker x3  
  190  16:20  Drone x3  
  190  16:21  Drone x4  
  190  16:22  Extractor  
  190  16:23  Extractor  
  198  16:28  Lurker  
  198  16:29  Lurker  
  200  17:15  Hatchery  
  179  17:23  Hydralisk x10  
  173  17:39  Corruptor x6  
  173  17:40  Corruptor x7  
  196  17:46  Hydralisk  
  196  17:47  Hydralisk x3  
  187  17:59  Hydralisk x7  
  187  18:04  Hydralisk x2  
  199  18:09  Zergling x6  

Tags
 
Add a new tag
Caveats
  • Supply blocks, unpowered buildings, or Contaminate may cause inaccurate times.
  • Supply counts are checked every 10 seconds.